[Event "Sardinia World Festival-A 2024"]
[Site "Orosei"]
[Date "2024.04.30"]
[Round "4.17"]
[White "Sivuk, Vitaly"]
[Black "Vagman, Roy"]
[Result "1-0"]
[ECO "D35"]
[WhiteElo "2551"]
[BlackElo "2357"]
[Annotator "TA"]
[PlyCount "105"]
[EventDate "2024.04.26"]
[EventType "swiss"]
[EventCountry "ITA"]
[SourceTitle "playchess.com"]
[Source "ChessBase"]
[SourceQuality "1"]
[TimeControl "40/5400+30:1800+30"]

1. d4 Nf6 2. c4 e6 3. Nc3 d5 4. cxd5 exd5 5. Bg5 Bb4 6. e3 h6 7. Bh4 $1 g5 8. Bg3 Ne4 9. Qc2 ({White should play} 9. Nge2 $16) 9... Nc6 {[%emt 0:00:00] The position is equal.} 10. Bd3 Bf5 11. Nge2 Nxg3 12. Nxg3 Bxd3 13. Qxd3 Qd7 14. h4 {[%emt 0:08:15] Black must now prevent hxg5.} O-O-O 15. Qf5 Qxf5 16. Nxf5 Bxc3+ 17. bxc3 Kd7 18. g4 Ne7 19. Ng3 Ng6 20. h5 Ne7 21. f3 Rc8 22. Kd2 c5 23. Rhb1 b6 24. a4 cxd4 25. cxd4 Rc6 26. a5 Rhc8 27. axb6 axb6 28. Ra2 {[%emt 0:00:26] Against Rc2+} R8c7 29. Rb5 Rf6 30. Ke2 Kc6 31. Rab2 {[%emt 0:02:18] White is more active.} Kb7 32. e4 Rc3 $2 {[%emt 0:02:08] This move loses the game for Black.} (32... Re6 $16 33. Kd3 Rd7) 33. exd5 $18 {[%emt 0:06:42] Strongly threatening Ne4.} Nc8 34. Ne4 Rcxf3 {[%emt 0:00:22] [#]} 35. d6 $1 Kc6 (35... Rf2+ 36. Nxf2) 36. Rc2+ Kd7 37. Nxf6+ (37. Rxc8 $142 Kxc8 38. Rxb6 (38. Nxf6 Rxf6 39. Rxb6 Rf4 $11)) 37... Rxf6 {[%emt 0:00:01][%mdl 4096] Endgame. KRR-KRN} 38. Rc7+ Kd8 39. Rd5 (39. Rc6 Na7 40. Rcxb6 (40. Rbxb6 Nxc6 41. Rxc6 Rf4 $11) 40... Nxb5 41. Rxb5 Rxd6 $15) 39... Nxd6 40. Rc6 Ke7 41. Rxb6 Re6+ 42. Kd3 {[%emt 0:00:00][%cal Od5d6] Threatening mate with Rdxd6!} Rf6 {[%emt 0:20:54] [#]} 43. Rdxd6 $1 {[%emt 0:00:00][%mdl 512] White mates.} Rxd6 44. Rxd6 Kxd6 {[%emt 0:00:05] K3P-K3P} 45. Ke4 Ke6 46. d5+ Kd6 47. Kd4 f6 48. Ke4 Kc5 49. Kf5 Kxd5 50. Kxf6 Ke4 51. Kg6 Kf4 52. Kxh6 Kxg4 53. Kg6 {[%emt 0:00:00] Weighted Error Value: White=0.06 (flawless) /Black=0.48.  Loses game:     	---       	Black=1      Mistake:       	White=1     	---        Inaccurate:     	White=1     	Black=5      OK:         	White=12    	Black=9      Best:        	White=5     	Black=1} 1-0

[Event "Sardinia World Festival-A 2024"]
[Site "Orosei"]
[Date "2024.04.30"]
[Round "4.18"]
[White "Bettalli, Francesco"]
[Black "Sokolovsky, Yahli"]
[Result "0-1"]
[ECO "C45"]
[WhiteElo "2309"]
[BlackElo "2490"]
[Annotator "TA"]
[PlyCount "177"]
[EventDate "2024.04.26"]
[EventType "swiss"]
[EventCountry "ITA"]
[SourceTitle "playchess.com"]
[Source "ChessBase"]
[SourceQuality "1"]
[TimeControl "40/5400+30:1800+30"]

1. e4 e5 2. Nf3 Nc6 3. d4 exd4 4. Nxd4 Bc5 5. Nb3 Bb6 6. Nc3 Qf6 7. Qe2 Nge7 8. Be3 d6 9. O-O-O Bd7 10. g3 Bxe3+ {[%emt 0:15:29] The position is equal.} 11. Qxe3 Bg4 (11... O-O-O $11) 12. Be2 ({White should try} 12. Nd5 $1 $16 Nxd5 13. exd5+ Ne7 (13... Ne5 14. f4 $16) 14. Rd4) 12... Bxe2 $11 13. Qxe2 O-O-O 14. f4 Kb8 15. Rhe1 Rhe8 16. Kb1 Qg6 17. Qf3 f5 18. exf5 Qxf5 19. Qe4 h6 20. Qxf5 Nxf5 21. Nd5 Ncd4 22. Nxd4 Nxd4 23. Rf1 Nf5 24. g4 Ne3 25. Nxe3 Rxe3 {[%emt 0:00:07][%mdl 4096] Endgame. KRR-KRR} 26. Rd2 Rde8 27. c3 Kc8 28. Kc2 Kd7 29. Rd3 Re1 (29... Re2+ $17 30. Rd2 R8e3) 30. Rff3 (30. Rxe1 $11 Rxe1 31. Rd1) 30... Rg1 31. h3 Re2+ 32. Rd2 Rxd2+ 33. Kxd2 $15 {[%emt 0:00:02] KR-KR} Rg2+ 34. Kc1 Re2 35. Rg3 Ke6 {[%emt 0:01:50] Black is more active.} 36. a3 d5 ({Black should play} 36... Rf2 $17 37. f5+ Kf7) 37. f5+ Kf6 38. Rd3 Ke5 39. b4 a6 40. a4 b6 41. Kd1 Re4 {[%emt 0:02:30] White must now prevent ...a5.} 42. Rf3 (42. a5 $1 $11) 42... a5 $17 43. bxa5 bxa5 (43... Rxa4 44. Re3+ Kf4 45. Re7 $14) 44. f6 gxf6 45. Rf5+ Ke6 46. Rh5 Rxa4 47. Rxh6 Ke5 48. Kc2 (48. Rh5+ $17 Ke6 (48... Ke4 49. Rf5 $11) 49. Kc2) 48... Rc4 (48... Ra2+ $19 49. Kb3 Rg2) 49. Kd3 a4 50. Rh5+ Ke6 51. Rh8 Rf4 52. Ke2 {[%emt 0:00:00] Inhibits Rf3.} Kd6 53. Ra8 c6 54. Ra7 Kc5 55. Ra8 Kb5 56. Rb8+ Kc5 57. Ra8 Re4+ 58. Kd2 Kb5 59. Rb8+ Kc4 {[%emt 0:00:11] Strongly threatening ...c5.} 60. Ra8 (60. Rb4+ $17 Kc5 61. Rb8) 60... Kb5 (60... Kb3 $19 61. Ra6 Rc4) 61. Rb8+ $1 Kc5 62. Ra8 Kb6 63. Rf8 Rf4 64. Ke2 {[%emt 0:00:04] [#] Dodges Rf2+} (64. Rb8+ $17 {was called for.} Ka7 65. Rb1) 64... c5 $1 $19 65. Rd8 $2 (65. Rb8+ Ka5 66. Ke3) 65... Kb5 66. Ra8 Re4+ (66... d4 $142 67. cxd4 Rxd4) 67. Kd2 $2 (67. Kd3) 67... Re6 68. Rb8+ (68. Kd3 $142) 68... Ka5 $2 (68... Kc4 $19 {is more deadly. ...Ra6 is the strong threat.} 69. Ra8 Kb3 70. Rb8+ Ka2 (70... Kc4 $2 71. Ra8 $19)) 69. c4 {[%emt 0:01:54] [#]} (69. Rd8 $17 {is the only way for White.}) 69... dxc4 (69... d4 $1 $19 {has better winning chances.} 70. Rb5+ Ka6 71. Rxc5 a3) 70. Kc3 $17 Re4 71. Ra8+ (71. Rf8 $1 $15) 71... Kb5 72. Rb8+ Kc6 {[%emt 0:00:01] And now ...a3 would win.} 73. Ra8 Rf4 ({Better is} 73... Kd5 $17 {...Re3+ would now be deadly.} 74. Rd8+ Ke5) 74. Rc8+ $11 Kd5 {[%emt 0:00:44] Hoping for ...Rf3+.} 75. Rd8+ Ke5 76. Re8+ Kd5 77. Rd8+ Kc6 {[%emt 0:01:11] Threatens to win with ...a3.} 78. Rc8+ Kd6 79. Rd8+ $1 Ke6 {[%emt 0:00:09] aiming for ...Rf3+.} 80. Rc8 $2 (80. Re8+ $11 {and White is okay.} Kd7 81. Ra8) 80... Rf3+ $19 81. Kxc4 Rxh3 82. Rxc5 (82. Re8+ $142 Kf7 83. Re4) 82... Rg3 83. Ra5 Rxg4+ 84. Kd3 {[%emt 0:00:05] [#]} a3 $1 85. Ke3 (85. Ra6+ Kf5) 85... Rg1 {[%emt 0:00:23] ( -> ...Ra1)} 86. Kf4 Ra1 {[%emt 0:00:14] Black mates.} 87. Ra6+ Ke7 88. Ra7+ Kd8 89. Ke4 {[%emt 0:02:01] Weighted Error Value: White=0.15 (very precise) /Black=0.17 (very precise) .  Loses game:     	White=1     	---        Missed win:     	---       	Black=1      Mistake:       	White=12    	Black=8      Inaccurate:     	White=3     	Black=2      OK:         	White=22    	Black=17     Best:        	White=14    	Black=8      Strong:       	White=2     	Black=1} 0-1

[Event "Sardinia World Festival-A 2024"]
[Site "Orosei"]
[Date "2024.04.30"]
[Round "4.19"]
[White "Girel, Joseph"]
[Black "Lewtak, Damian"]
[Result "0-1"]
[ECO "B90"]
[WhiteElo "2479"]
[BlackElo "2343"]
[Annotator "TA"]
[PlyCount "116"]
[EventDate "2024.04.26"]
[EventType "swiss"]
[EventCountry "ITA"]
[SourceTitle "playchess.com"]
[Source "ChessBase"]
[SourceQuality "1"]
[TimeControl "40/5400+30:1800+30"]

1. e4 c5 2. Nf3 d6 3. d4 cxd4 4. Nxd4 Nf6 5. Nc3 a6 6. Be3 e5 7. Nb3 Be7 8. h3 {[%emt 0:00:09] B90: Sicilian Najdorf: Unusual White 6th moves, 6 Be3 Ng4 and 6 Be3 e5.} Be6 9. f4 exf4 10. Bxf4 Nc6 11. Qe2 Nd7 12. O-O-O Nde5 13. Kb1 Rc8 14. Nd5 b5 15. Qe3 O-O 16. Be2 $146 ({Predecessor:} 16. h4 Bxh4 17. Be2 Re8 18. g3 Be7 19. g4 Bh4 20. Qh3 Bxd5 21. exd5 Ng6 22. Bc1 {1-0 Kasyan,A (2375)-Sirobaba,F (2366) UKR-ch28 email 2017}) 16... Re8 17. Rhf1 Rb8 18. Nd2 Bf8 19. Nf3 Nc4 20. Bxc4 bxc4 21. Qc3 Bxd5 22. exd5 Na7 23. Qxc4 Nb5 24. Ka1 Qb6 25. Qd3 g6 26. c4 Nc7 27. Bc1 (27. Rd2 $16) 27... Bg7 $14 28. Nd4 a5 29. Qd2 a4 30. a3 (30. Nc6 a3 31. Nxb8 Rxb8 $17) 30... Na6 31. Qf2 Re4 32. Nc6 $1 (32. Qxf7+ Kh8 33. Nb5 Rxc4 $19) 32... Qxf2 33. Rxf2 Rb3 34. Ka2 Nc5 (34... Rxc4 $2 35. Re2 h6 36. Na5 $18) 35. Rc2 h6 36. Rf1 g5 37. Kb1 ({White should play} 37. Na5 $11) 37... Nd3 (37... f5 $1 $15) 38. Na5 Rb8 39. Rd2 Nc5 40. Nc6 (40. Rc2 $11) 40... Rb3 41. Rc2 Nd3 (41... f5 $1 $15) 42. Rd1 $11 Nc5 $1 43. Na5 Rb8 44. Ka2 {[%emt 0:00:00] [#]} (44. Nc6 $11 {keeps the balance.} Rb3 45. Rf1) 44... f5 (44... Nb3 $1 $17 45. Nc6 Rbe8) 45. g3 $2 (45. Kb1 $1 $15) 45... Nb3 (45... Rb3 $1 $19 46. Rg2 Rd3 47. Rxd3 Nxd3) 46. Nc6 $17 Rbe8 47. Bd2 {[%emt 0:00:00] [#]} Re2 (47... f4 $1 $17 48. gxf4 gxf4) 48. Kb1 $1 $15 Rg2 49. Bc3 $2 ({White should try} 49. Bb4 $15 Ree2 50. Rxe2 Rxe2 51. Bc3 Bxc3 52. bxc3) 49... Rxg3 $19 50. Bxg7 $2 (50. Bb4 {keeps fighting.}) 50... Kxg7 51. c5 (51. Ka2 {was called for.}) 51... Rd3 $19 (51... dxc5 52. Rc3 (52. d6 $2 Rd3 $19) 52... Rg2 (52... Rxc3 53. bxc3 c4 54. d6 $11) 53. Rc2 Rxc2 54. Kxc2 $14) (51... Nxc5 $2 52. Rxc5 dxc5 53. d6 $19) 52. Rg1 (52. Rxd3 {gets mated.} Re1+ (52... Nxc5 $2 {loses.} 53. Rxc5 dxc5 54. d6 $18) (52... Nxc5 $2 {too greedy.} 53. Rxc5 dxc5 54. d6 $18)) 52... Nxc5 (52... Rxd5 $2 53. cxd6 Rxd6 54. Ka2 $19) 53. h4 g4 54. Rc4 Kf6 55. Rf4 Rxd5 56. Rgxg4 Rd2 57. Rg1 Ree2 58. Rb4 Nb3 0-1

[Event "Sardinia World Festival-A 2024"]
[Site "Orosei"]
[Date "2024.04.30"]
[Round "4.20"]
[White "Bifulco, Michel"]
[Black "Costa, Leonardo"]
[Result "0-1"]
[ECO "C48"]
[WhiteElo "2303"]
[BlackElo "2476"]
[Annotator "TA"]
[PlyCount "134"]
[EventDate "2024.04.26"]
[EventType "swiss"]
[EventCountry "ITA"]
[SourceTitle "playchess.com"]
[Source "ChessBase"]
[SourceQuality "1"]
[TimeControl "40/5400+30:1800+30"]

1. e4 e5 2. Nf3 Nc6 3. Nc3 Nf6 4. Bb5 Nd4 5. Bc4 Bc5 6. Nxe5 Qe7 {[%emt 0:04:09] C48: Four Knights: 4 Bb5, replies other than 4...Bb4.} 7. Nf3 d5 8. Nxd5 Qxe4+ 9. Ne3 Bg4 10. Be2 Nxe2 11. Qxe2 O-O-O 12. d3 Bxf3 13. Qxf3 Qxf3 14. gxf3 Rhe8 15. Kf1 Nd5 16. Nxd5 Rxd5 17. Be3 $146 ({Predecessor:} 17. Bd2 Rf5 18. f4 Bd6 19. Rg1 g6 20. Rg5 Rf6 21. Re1 Rxe1+ 22. Kxe1 Bxf4 23. Bxf4 Rxf4 {0-1 Bon,M (2394)-Paravyan,D (2586) Titled Tuesday intern op 21st Feb Late blitz 2023 (1)}) 17... Bxe3 18. fxe3 Rc5 19. Rc1 Rxe3 20. Kf2 Re6 21. Rhg1 g6 22. c3 Rh5 23. Rg2 Rh3 24. Rh1 a5 (24... Rf6 $17 25. Rg3 Rh5) 25. d4 {[%emt 0:10:40] [#]} (25. Rg4 $15) 25... a4 $1 $17 26. Rd1 Rb6 (26... Rf6 $142 27. Rd3 Rf4) 27. Rd2 (27. Ke3 $142) 27... Kd7 28. Ke3 (28. c4 $17) 28... Re6+ $19 29. Kf2 Rc6 (29... b5 $19 30. Rd3 Rf6) 30. Rd3 $17 Rb6 (30... Rf6 $17 31. c4 Rf5) 31. Rd2 (31. Kf1 $15) 31... Rb5 ({Black should play} 31... Rf6 $19 32. Rd3 b5) 32. Ke3 $17 Kd6 33. Rg3 Rbh5 34. Rxh3 Rxh3 35. c4 Rh4 36. b3 {[%emt 0:05:30] [#]} a3 $1 37. b4 g5 (37... c6 $17 38. Rd3 Rxh2 39. c5+ (39. Rxa3 Rb2 $17) 39... Ke6 40. Rxa3 Rb2) 38. b5 (38. Rd3 $11) 38... f5 $17 39. Rg2 h6 40. Rd2 Rh3 41. Rf2 b6 42. Rc2 Rh4 (42... Ke6 $142 43. Rf2 h5) 43. Rd2 c5 (43... Ke6 $17 44. Rg2 Rh3) 44. bxc6 $11 Kxc6 45. Rc2 Rh3 46. c5 bxc5 47. Rxc5+ Kd6 48. Rxf5 $2 (48. Rc3 $11) 48... Rxh2 $19 49. Ra5 Rxa2 50. Ke4 (50. Ra6+ $142 Kd5 51. Ra5+ Kc6 52. d5+ Kb7 53. Kd3) 50... Re2+ $2 ({Better is} 50... Ra1 $19 51. Ra6+ Kc7) 51. Kd3 $11 Ra2 $2 (51... Rf2 $2 52. Ke3 Ra2 53. Ra6+ Kd5 54. Ra5+ Kc6 55. d5+ Kb7 56. Kd3 $19) (51... Rb2 $11 52. Rxa3 Rb6) 52. Ke4 $1 $19 Kc6 (52... Re2+ 53. Kf5 $15) 53. Kf5 Ra1 54. Ra6+ Kd5 55. Rxh6 a2 $2 (55... Kxd4 56. Ra6 $11) ({Black should try} 55... g4 $19 56. Rh2 gxf3) 56. Ra6 $2 (56. Rh2 $1 $11) 56... g4 $19 ({Not} 56... Kxd4 57. Ra5 $11) 57. Ra5+ Kd6 ({Inferior is} 57... Kxd4 58. fxg4 Rf1+ 59. Ke6 $11) 58. Ra6+ Kc7 59. Ra7+ Kb6 60. Rxa2 $2 (60. Ra8 $19) 60... Rxa2 61. fxg4 Rf2+ 62. Ke6 Rg2 63. Kf5 Kc6 64. g5 Kd6 65. g6 Rf2+ 66. Kg5 Ke7 67. d5 Kf8 0-1

[Event "Sardinia World Festival-A 2024"]
[Site "Orosei"]
[Date "2024.04.30"]
[Round "4.21"]
[White "Stoyanov, Tsvetan"]
[Black "Krawczyk, Flawian"]
[Result "1/2-1/2"]
[ECO "B90"]
[WhiteElo "2473"]
[BlackElo "2315"]
[Annotator "RC"]
[PlyCount "97"]
[EventDate "2024.04.26"]
[EventType "swiss"]
[EventCountry "ITA"]
[SourceTitle "playchess.com"]
[Source "ChessBase"]
[SourceQuality "1"]
[TimeControl "40/5400+30:1800+30"]

1. e4 c5 2. Nf3 d6 3. d4 cxd4 4. Nxd4 Nf6 5. Nc3 a6 6. h3 e5 7. Nb3 Be6 8. Be3 Be7 9. Qf3 Nbd7 10. g4 h6 11. O-O-O Rc8 12. Nd5 Nf8 13. Kb1 Ng6 14. a3 Nh4 15. Qe2 Nxd5 16. exd5 Bd7 17. f4 exf4 18. Bxf4 O-O 19. Qd2 Ng6 20. Bd3 Ba4 21. Bf5 Rc4 22. Be3 Bf6 23. Na5 Ne5 24. g5 hxg5 25. Nxc4 Nxc4 26. Qe2 Bb5 27. Qh5 g6 28. Bxg6 fxg6 29. Qxg6+ Bg7 30. Bd4 Ne5 31. Bxe5 dxe5 32. h4 Qf6 33. Qxg5 Qxg5 34. hxg5 Be2 35. Rd2 Bf3 36. Re1 Rd8 37. c4 e4 38. c5 Be5 39. d6 Bg3 40. Rf1 Bf4 41. Rd4 Kg7 42. Rxf3 exf3 43. Rxf4 Rf8 44. d7 Rxf4 45. d8=Q f2 46. Qd7+ Rf7 47. Qd4+ Kg8 48. Qd8+ Kg7 49. Qd4+ 1/2-1/2

[Event "Sardinia World Festival-A 2024"]
[Site "Orosei"]
[Date "2024.04.30"]
[Round "4.22"]
[White "Kanyamarala, Trisha"]
[Black "Royal, Shreyas"]
[Result "1/2-1/2"]
[ECO "E92"]
[WhiteElo "2285"]
[BlackElo "2455"]
[Annotator "RC"]
[PlyCount "127"]
[EventDate "2024.04.26"]
[EventType "swiss"]
[EventCountry "ITA"]
[SourceTitle "playchess.com"]
[Source "ChessBase"]
[SourceQuality "1"]
[TimeControl "40/5400+30:1800+30"]

1. d4 Nf6 2. c4 g6 3. Nc3 Bg7 4. e4 d6 5. Nf3 O-O 6. Be2 e5 7. Be3 exd4 8. Nxd4 Re8 9. f3 c6 10. Bf2 d5 11. exd5 cxd5 12. O-O Nc6 13. c5 Nh5 14. Qd2 Be5 15. g3 Ng7 16. Rfe1 Bxd4 17. Bxd4 Nxd4 18. Qxd4 Be6 19. Bd3 Rc8 20. Nb5 b6 21. b4 Re7 22. Rac1 bxc5 23. bxc5 Ne8 24. Qh4 f6 25. Nxa7 Rxa7 26. Rxe6 Qa5 27. Qd4 Qxa2 28. Re2 Qb3 29. Rb1 Qa3 30. Qxd5+ Kg7 31. Bb5 Rxc5 32. Qd2 Nd6 33. Re3 Qa2 34. Rb2 Qa1+ 35. Re1 Qa5 36. Re7+ Nf7 37. Qxa5 Rxa5 38. Be8 Kf8 39. Rxf7+ Kxe8 40. Rxh7 Rab5 41. Ra2 Ra5 42. Rxa5 Rxa5 43. Rg7 g5 44. Kg2 Ra2+ 45. Kh3 Kf8 46. Rh7 Kg8 47. Rd7 Ra4 48. Re7 Rb4 49. Rd7 Ra4 50. Re7 Rb4 51. Re4 Rb5 52. Rc4 Kg7 53. Kg4 Kg6 54. Rc6 Rb4+ 55. f4 gxf4 56. gxf4 Rb5 57. h4 Ra5 58. Rb6 Rc5 59. Ra6 Rb5 60. Re6 Ra5 61. Rc6 Rb5 62. Rd6 Ra5 63. Rc6 Rb5 64. Rd6 1/2-1/2

[Event "Sardinia World Festival-A 2024"]
[Site "Orosei"]
[Date "2024.04.30"]
[Round "4.23"]
[White "Tudor, Henry Edward"]
[Black "Fromm, Marius"]
[Result "1-0"]
[ECO "E48"]
[WhiteElo "2279"]
[BlackElo "2454"]
[Annotator "TA"]
[PlyCount "141"]
[EventDate "2024.04.26"]
[EventType "swiss"]
[EventCountry "ITA"]
[SourceTitle "playchess.com"]
[Source "ChessBase"]
[SourceQuality "1"]
[TimeControl "40/5400+30:1800+30"]

1. d4 Nf6 2. c4 e6 3. Nc3 Bb4 4. e3 O-O 5. Bd3 Re8 6. Nge2 d5 7. O-O Nbd7 8. e4 dxe4 9. Nxe4 {[%emt 0:03:40] The position is equal.} b6 {[%emt 0:05:36] [#]} (9... Nxe4 $11 {is superior.} 10. Bxe4 e5) 10. c5 $1 $14 bxc5 11. a3 c4 $1 12. Nxf6+ Nxf6 13. Bxh7+ Nxh7 14. axb4 Bb7 15. Nc3 Qd6 16. Ra5 Nf6 17. Rg5 (17. Bg5 $14 {should be considered.}) 17... Rad8 18. Be3 a6 19. Qe2 (19. Rc5 {with more complications.} Ne4 20. Nxe4 Bxe4 21. Qg4) 19... Qxb4 20. Rg3 {[%emt 0:03:32] Hoping for Bh6.} Kf8 21. Bf4 Rxd4 22. Be5 Rh4 23. Qe3 Rg4 {[%emt 0:02:07] Repels Qg5} (23... Qxb2 $2 24. Qc5+ (24. Bxc7 Qc2 $11) 24... Re7 25. Nd5 $18 (25. Bxc7 Rh5 $16) (25. Bxc7 Rh5 $16)) ({Black should try} 23... Rh5 $11) 24. Bd4 (24. Bxf6 $14 {stays ahead.} Rxg3 25. fxg3 gxf6 26. Qh6+ Kg8 27. Qxf6 Qc5+ 28. Kh1) 24... Rxg3 $1 $17 (24... Qxb2 $2 {is the wrong capture.} 25. Rb1 Rxg3 26. hxg3 $18 (26. Rxb2 $2 Rxe3 27. fxe3 Bd5 $19) (26. Qxg3 $2 Qc2 $19)) 25. fxg3 Qxb2 ({Black should play} 25... Kg8 $1 $17 {aiming for ...e5.} 26. Bxf6 gxf6) 26. Rf2 $132 {[%emt 0:02:46][%mdl 2048] White is not holding back} Qa1+ 27. Rf1 Qa5 {[%emt 0:00:39] And now ...e5 would win.} 28. Bxf6 gxf6 29. Qh6+ Kg8 30. Qxf6 Qc5+ 31. Rf2 Qe7 32. Qf4 Rd8 33. Qxc4 c5 34. Qg4+ Kf8 35. h4 Rd4 36. Qh5 Kg7 {[%emt 0:00:28] Against Qh8+} 37. g4 {[%emt 0:01:01] [#]} (37. Ne2 $11 {keeps the balance.} Rd5 38. Qg4+ Kf8 39. Qf4) 37... Rd3 (37... Kg8 $1 $17) 38. Ne2 $1 $15 Rd1+ 39. Kh2 Rd8 40. Rxf7+ Qxf7 41. Qg5+ (41. Qxc5 $2 {too greedy.} Rd5 42. Qc1 Qe7 $19) 41... Kh7 $1 42. Qxd8 $11 {[%emt 0:00:00][%mdl 4096] Endgame. Black must now prevent Ng3. KQB-KQN} Bd5 {[%emt 0:00:43] [#]} (42... Qf2 $11 43. Qc7+ Kh6 44. Qf4+ (44. g5+ Kh5 $11) 44... Qxf4+ 45. Nxf4 Bd5 46. g5+ Kg7) 43. Kg3 $1 $16 Qg7 44. Nf4 Qc3+ 45. Kh2 {[%emt 0:00:00][%cal Og4g5] g5! would now be deadly.} Qe5 46. g3 {[%emt 0:00:00] g5 is the strong threat.} Qa1 47. Qe7+ Qg7 48. Qxc5 Qxg4 49. Qa7+ Kh6 50. Qxa6 Qf3 51. Qa1 {[%emt 0:00:00] Dodges Qh1+} (51. Nxe6 $2 Qh1#) 51... e5 52. Nxd5 (52. Qxe5 $2 Qh1#) 52... Qf2+ 53. Kh3 Qf5+ 54. Kh2 Qf2+ 55. Kh3 Qf5+ 56. Kg2 {[%emt 0:00:00] Intending Qf1 and mate.} Qe4+ 57. Kf2 {[%emt 0:00:00] White threatens Qa6+ and mate.} Qxd5 $11 {[%emt 0:00:03] KQ-KQ} 58. Qa6+ Kg7 59. Qe2 Qc5+ 60. Kf3 Qd5+ 61. Qe4 Qd1+ (61... Qd6 $1 $14) 62. Kg2 $16 Qd2+ 63. Kh3 Kf6 (63... Qa5 $16) 64. Qf3+ $18 Kg6 65. h5+ Kh6 (65... Kg7 $142 66. Qe4 Qd6) 66. Qf6+ Kh7 67. Qf5+ Kg8 68. Qxe5 Qd1 69. Kh4 Qh1+ 70. Kg5 Qf3 $2 (70... Qc1+ $18 71. Kg6 Qc2+ 72. Qf5 Qc6+ 73. Qf6 Qd7) 71. Qe8+ {[%emt 0:00:20] Weighted Error Value: White=0.11 (very precise) /Black=0.11 (very precise) .  Mistake:       	White=3     	Black=9      Inaccurate:     	White=3     	Black=2      OK:         	White=35    	Black=18     Best:        	White=7     	Black=8      Strong:       	White=2     	Black=3} 1-0

[Event "Sardinia World Festival-A 2024"]
[Site "Orosei"]
[Date "2024.04.30"]
[Round "4.24"]
[White "Fava, Lorenzo"]
[Black "Levin, Guy"]
[Result "1/2-1/2"]
[ECO "B33"]
[WhiteElo "2279"]
[BlackElo "2451"]
[Annotator "TA"]
[PlyCount "63"]
[EventDate "2024.04.26"]
[EventType "swiss"]
[EventCountry "ITA"]
[SourceTitle "playchess.com"]
[Source "ChessBase"]
[SourceQuality "1"]
[TimeControl "40/5400+30:1800+30"]

1. e4 c5 2. Nf3 Nc6 3. d4 cxd4 4. Nxd4 Qb6 5. Nb3 Nf6 6. Nc3 e6 7. Qe2 Be7 8. Be3 Qc7 9. O-O-O O-O 10. g4 d5 11. exd5 Nxd5 12. Nxd5 exd5 13. Bg2 a5 14. a3 (14. Rxd5 Nb4 15. Rc5 Bxc5 (15... Nxa2+ 16. Kb1 $17) 16. Nxc5 Nxa2+ 17. Kb1 Nb4 $17) 14... a4 15. Nd4 Be6 16. Nb5 Qa5 ({Better is} 16... Qd7 $14) 17. Bxd5 $16 Bxg4 18. Qxg4 {[%emt 0:00:04][%cal Oh1g1] [#] Black must now prevent Rhg1!} Qxb5 19. c4 {[%emt 0:00:54] White is more active.} Qb3 (19... Qa6 $16 {was called for.}) 20. c5 Qb5 21. Bc4 {[%emt 0:00:41] A strong pair of Bishops.} Qa5 (21... Ne5 22. Qxg7+ (22. Bxb5 Nxg4 23. Rd7 Bxc5 $11) 22... Kxg7 23. Bxb5 Ra5) 22. Rhg1 $18 g6 {[%emt 0:04:10] [#]} 23. Qe4 {[%emt 0:17:20][%cal Og1g6] Dodges Ne5. White threatens Rxg6+! and mate.} Kg7 (23... Bxc5 24. Qxg6+ (24. Rxg6+ Kh8 25. Rh6 Bxe3+ 26. fxe3 Qd2+ 27. Rxd2 f5) 24... hxg6 25. Rxg6+ Kh7 26. Rh6+ Kg8 27. Rg1#) (23... Kh8 $142 24. Rd7 Bxc5) 24. Rd7 Bf6 25. Qd5 $2 (25. Qf4 $18 Ne7 26. Qxf6+ (26. Rxb7 Rae8 $18) (26. Bd4 Ra6 $18) 26... Kxf6 27. Bd4+ Kf5 28. Bd3+ Kf4 29. Be3+ Ke5 30. f4+ (30. Rxe7+ $2 {too greedy.} Kf6 $19) 30... Kf6 31. Bd4+ Ke6 32. Rd6#) 25... Ne5 $14 26. Bd2 {[%emt 0:00:05] Dancing on a razor blade.} Nxd7 27. Bxa5 Rxa5 28. Qxd7 Rxc5 29. Rg4 {[%emt 0:00:49][%cal Oc1b1] aiming for Kb1!} b5 30. Qa7 (30. Rf4 $5) 30... Rc6 31. Qd7 Rc5 32. Qa7 {[%emt 0:02:24] Blacks defense is rewarded with a draw.   Weighted Error Value: White=0.24 (precise) /Black=0.32.  Mistake:       	---       	Black=4      Inaccurate:     	White=2     	---        OK:         	White=10    	Black=9      Best:        	White=4     	Black=2} (32. Rf4 $5) 1/2-1/2